 Dungeon Crawl Stone Soup version 0.29-a0-378-gc08b2e8bf8 (webtiles) character file.

Game seed: 7160073762758021732

46 Antichthon the Covered (level 3, -4/33 HPs)
             Began as a Deep Dwarf Fighter on May 4, 2022.
             Slain by a gnoll
             ... wielding a +0 spear
              (6 damage)
             ... on level 2 of the Dungeon.
             The game lasted 00:01:13 (244 turns).

Antichthon the Covered (Deep Dwarf Fighter)          Turns: 244, Time: 00:01:14

Health: -4/33      AC:  7    Str: 19    XL:     3   Next: 44%
Magic:  3/3        EV:  9    Int: 10    God:
Gold:   55         SH:  4    Dex: 12    Spells: 2/2 levels left

rFire   . . .      SeeInvis +   a - +0 war axe
rCold   . . .      Faith    .   c - +0 buckler
rNeg    . . .      Spirit   .   b - +0 scale mail
rPois   .          Reflect  .   (no helmet)
rElec   .          Harm     .   (no cloak)
rCorr   .          Rampage  .   (no gloves)
Will    .....                   (no boots)
Stlth   ..........              (no amulet)
HPRegen 0.00/turn               f - ring of see invisible
MPRegen 0.08/turn               (no ring)

@: no status effects
A: damage resistance, heal wounds, sense surroundings 1, no regeneration
a: Heal Wounds


You were on level 2 of the Dungeon.
You visited 1 branch of the dungeon, and saw 2 of its levels.

You collected 55 gold pieces.

Inventory:

Hand Weapons
 a - a +0 war axe (weapon)
Armour
 b - a +0 scale mail (worn)
 c - a +0 buckler (worn)
Jewellery
 f - a ring of see invisible (left hand)
Wands
 e - a wand of iceblast (4)
Potions
 d - 2 potions of might
 g - a potion of degeneration {unknown}
 h - a potion of attraction {unknown}


   Skills:
 * Level 2.9 Fighting
 * Level 2.4 Axes
 * Level 3.7 Armour
 * Level 0.8 Dodging
 * Level 3.6 Shields
 * Level 0.4 Spellcasting
 * Level 0.7 Necromancy
 * Level 0.9 Invocations


You had 2 spell levels left.
You didn't know any spells.
Your spell library contained the following spells:

 Spells                   Type           Power      Damage    Failure   Level
 Slow                     Hex            0%         N/A       80%         1
 Vampiric Draining        Necr           1%         2d6       97%         3
 Confusing Touch          Hex            0%         N/A       99%         3


Dungeon Overview and Level Annotations

Branches:
Dungeon (2/15)

Altars:


Innate Abilities, Weirdness & Mutations

You are resistant to damage.
You can heal yourself by infusing magical energy.
You passively map a small area around you.
You do not regenerate.


Message History

The gnoll closely misses you. The gnoll barely misses you.
You closely miss the gnoll.
The gnoll is severely wounded.
The gnoll hits you but does no damage. The gnoll completely misses you.
You slash the gnoll!
You kill the gnoll!
The gnoll closely misses you.
The gnoll hits you from afar with a +0 spear.
The gnoll barely misses you. The gnoll closely misses you.
You see here a +0 spear.
You slash the gnoll!
The gnoll is severely wounded.
The gnoll barely misses you. The gnoll hits you with a +0 spear.
You hit the gnoll.
You kill the gnoll!
The gnoll barely misses you.
You have reached level 3!
Your experience leads to an increase in your attributes!
Increase (S)trength, (I)ntelligence, or (D)exterity?
You feel clever. x2
Unknown command.
The gnoll barely misses you.
The gnoll hits you from afar with a +0 spear.
You see here a +0 spear.
You slash the gnoll!
The gnoll is severely wounded.
The gnoll barely misses you. The gnoll hits you with a +0 spear.
The gnoll misses you.
The gnoll hits you from afar with a +0 spear.
You hit the gnoll.
The gnoll is almost dead.
The gnoll hits you with a +0 spear.
* * * LOW HITPOINT WARNING * * *
The gnoll hits you from afar with a +0 spear.
* * * LOW HITPOINT WARNING * * *
You hit the gnoll.
You kill the gnoll!
You block the gnoll's attack. The gnoll barely misses you.
Found a scroll labelled IRUXKASHRUI.
The gnoll hits you with a +0 spear!
You die...

##.................##...,,
##...##............#.###*
#######.####....#....,,,
#.# #....###.#,,, #.#
##...#**..,** #.#
*,,,,**,*** #)#
**,,,,,,,*** #)#
*,,,,,,,,,,
*#@#*****,,,,,,,***
#.g.......,,**,**
#......##.*,**,* *
#......#*,,,**,****
#......#**,,**,**,,
#......# *****,,,,*
#......# ****** #..?...#
********


You could see a gnoll.

Vanquished Creatures
  3 gnolls (D:2)
  An adder (D:2)
  An endoplasm (D:1)
  2 hobgoblins
  2 kobolds (D:2)
  A rat (D:1)
10 creatures vanquished.

Notes
Turn   | Place    | Note
-------+----------+-------------------------------------------
     0 | D:1      | Antichthon the Deep Dwarf Fighter began the quest for the
                  | Orb.
     0 | D:1      | Reached XP level 1. HP: 20/20 MP: 1/1
   145 | D:1      | You fall into a shaft and drop 1 floor!
   155 | D:2      | Reached XP level 2. HP: 27/27 MP: 2/2
   240 | D:2      | Reached XP level 3. HP: 15/33 MP: 3/3
   244 | D:2      | Slain by a gnoll

Illustrated notes

Levels and vault maps discovered:
D:1:      dpeg_arrival_windows_large_door, layout_rooms
D:2:      layout_rooms, minmay_pentomino_x2

Action                   || total
-------------------------++-------
Melee: War axe           ||    20
  Use: Scroll            ||     4
Armor: Scale mail        ||     8
Dodge: Dodged            ||    17
Block: Buckler           ||     2

Table legend: (Time is in decaauts)
 A = Elapsed time spent in this place.
 B = Non-inter-level travel time spent in this place.
 C = Inter-level travel time spent in this place.
 D = Time resting spent in this place.
 E = Time spent auto-exploring this place.
 F = Levels seen in this place.
 G = Mean time per level.
                   A        B        C        D        E       F      G
               +--------+--------+--------+--------+--------+-----+--------+
         Total |    251 |    251 |      0 |      0 |    133 |   2 |  125.5 |
       Dungeon |    251 |    251 |      0 |      0 |    133 |   2 |  125.5 |
               +--------+--------+--------+--------+--------+-----+--------+

Top non-repeatable levels by time:
     D:1: 145 daAuts
     D:2: 105 daAuts
